 Dungeon Crawl Stone Soup version 0.30-a0-223-gcb0039aa0c (webtiles) character file.

Game seed: 7742591888358906890

1288 greasedhog the Stinger (level 8, -5/48 HPs)
             Began as a Gargoyle Venom Mage on Oct 9, 2022.
             Was an Initiate of Vehumet.
             Slain by Menkaure (12 damage)
             ... on level 4 of the Dungeon.
             The game lasted 00:14:20 (7091 turns).

greasedhog the Stinger (Gargoyle Venom Mage)        Turns: 7091, Time: 00:14:21

Health: -5/48      AC: 13    Str: 11    XL:     8   Next: 55%
Magic:  24/24      EV: 11    Int: 19    God:    Vehumet [......]
Gold:   208        SH:  3    Dex: 10    Spells: 7/17 levels left

rFire   . . .      SeeInvis .    H - +1 dagger (holy)
rCold   . . .      Faith    .    w - +0 buckler
rNeg    + . .      Spirit   .    B - +2 robe {Will+}
rPois   ∞          Reflect  .    o - +1 helmet
rElec   +          Harm     .    (no cloak)
rCorr   +          Rampage  .    f - +0 pair of gloves
Will    +....                    (no boots)
Stlth   ++........               p - amulet of the acrobat
HPRegen 0.28/turn                r - ring of resist corrosion
MPRegen 0.19/turn                m - ring of magical power

@: no status effects
A: sickness immunity, AC +5, negative energy resistance 1, electricity
resistance, torment resistance 1, petrification resistance
a: Renounce Religion


You were on level 4 of the Dungeon.
You worshipped Vehumet.
Vehumet was noncommittal.
You visited 2 branches of the dungeon, and saw 7 of its levels.

You collected 263 gold pieces.
You spent 55 gold pieces at shops.

Inventory:

Hand Weapons
 z - a +2 dagger of venom
 H - a +1 dagger of holy wrath (weapon)
Missiles
 n - a throwing net
Armour
 f - a +0 pair of gloves (worn)
 o - a +1 helmet (worn)
 w - a +0 buckler (worn)
 B - a +2 robe of willpower (worn)
Jewellery
 m - a ring of magical power (right hand)
 p - an amulet of the acrobat (around neck)
 r - a ring of resist corrosion (left hand)
Wands
 d - a wand of flame (18)
 C - a wand of charming (9)
 G - a wand of roots (10)
Scrolls
 c - 2 scrolls of immolation
 e - a scroll of poison
 i - a scroll of enchant weapon
 j - a scroll of enchant armour
 k - 3 scrolls of vulnerability
 t - a scroll of torment
 u - a scroll of blinking {unknown}
 x - a scroll of identify
 y - a scroll of magic mapping {unknown}
 D - a scroll of amnesia {unknown}
 F - a scroll of acquirement {unknown}
Potions
 a - a potion of degeneration {unknown}
 b - a potion of magic
 g - a potion of resistance {unknown}
 h - a potion of curing {unknown}
 l - 3 potions of haste
 q - a potion of lignification {unknown}
 s - a potion of invisibility {unknown}
 v - a potion of heal wounds {unknown}
 A - a potion of mutation {unknown}
 E - a potion of attraction {unknown}


   Skills:
 + Level 4.3 Fighting
 * Level 3.1 Armour
 - Level 1.5 Dodging
 - Level 2.1 Stealth
 - Level 5.0 Spellcasting
 * Level 3.3 Conjurations
 - Level 1.0 Transmutations
 * Level 6.7 Poison Magic


You had 7 spell levels left.
You knew the following spells:

 Your Spells              Type           Power      Damage    Failure   Level
a - Sting                 Tmut/Pois      76%        1d6       3%          1
b - Poisonous Vapours     Pois/Air       34%        N/A       6%          2
c - Mephitic Cloud        Conj/Pois/Air  17%        N/A       13%         3
d - Olgreb's Toxic Radia  Pois           30%        N/A       11%         4

Your spell library contained the following spells:

 Spells                   Type           Power      Damage    Failure   Level
 Passwall                 Tmut/Erth      5%         N/A       21%         2
 Ensorcelled Hibernation  Hex/Ice        8%         N/A       26%         2
 Swiftness                Air            4%         N/A       45%         3


Dungeon Overview and Level Annotations

Branches:
Dungeon (6/15)             Temple (1/1) D:4

Altars:
Ashenzari
Cheibriados
Dithmenos
Fedhas
Gozag
Hepliaklqana
Kikubaaqudgha
Makhleb
Nemelex Xobeh
Okawaru
Qazlal
Ru
Sif Muna
Trog
Uskayaw
Vehumet
Wu Jian
Xom
Yredelemnul
The Shining One

Shops:
D:2 (   D:3 ?[   D:4 *

Annotations:
D:4 Menkaure


Innate Abilities, Weirdness & Mutations

You are immune to sickness and miasma.
Your stone body is resilient. (AC +5)
You are immune to poison.
You resist negative energy. (rN+)
You are resistant to electric shocks. (rElec)
You are resistant to unholy torment.
You are immune to petrification.


Message History

Menkaure is heavily damaged.
Menkaure closely misses you.
You hit Menkaure but do no damage.
Menkaure is heavily damaged.
Menkaure barely misses you.
You hit Menkaure.
Menkaure convulses.
Menkaure is severely damaged.
Menkaure hits you.
You hit Menkaure but do no damage.
Menkaure is severely damaged.
Menkaure points at you and mumbles some strange words.
You resist with some effort.
You barely miss Menkaure.
Menkaure is severely damaged.
You barely miss Menkaure.
Menkaure is severely damaged.
Menkaure hits you but does no damage.
You barely miss Menkaure.
Menkaure is severely damaged.
Menkaure hits you!
You closely miss Menkaure.
Menkaure is severely damaged.
Menkaure gestures wildly while chanting.
Menkaure seems to speed up.
You hit Menkaure.
Menkaure convulses.
Menkaure is almost destroyed.
Menkaure calls on the powers of darkness!
Your body is wracked with pain!
You barely miss Menkaure.
Menkaure is severely damaged.
Menkaure hits you!
* * * LOW HITPOINT WARNING * * *
You barely miss Menkaure.
Menkaure is severely damaged.
Menkaure gestures at you while chanting.
You resist with some effort. You block Menkaure's attack.
You hit Menkaure but do no damage.
Menkaure is severely damaged.
Menkaure hits you!
You die...

#.## #.####
##................ #..###
#>...####....#####..M....>
##...# ####.#.....###
...........
...#.######......##
..#.########
##.............### # #.#
...............# ##.###<##
...............# #...#....#
..####..###....##..# #....#
..###..####.##..@M# #....#
).....###...##...## #....#
)..######.###..#...###....#
##.##.....##..####........#
##.##.####...## ####.#.###
...........### #..[#
####..####.# ##..#
###...##..# ###..####
##...#.##..# #.......#


You could see Menkaure (fast).

Vanquished Creatures
  Sigmund (D:5)
  Eustachio (D:6)
  A black bear (D:5)
  An ogre (D:5)
  2 phantoms
  A bullfrog (D:6)
  A scorpion (D:5)
  A howler monkey (D:5)
  A hound (D:5)
  2 jellies
  An orc priest (D:6)
  A gnoll bouda (D:5)
  2 orc wizards
  Ijyb (D:5)
  Robin (D:4)
  9 gnolls
  6 adders
  A white imp (D:4)
  4 worms
  2 dart slugs
  17 orcs
  5 ball pythons
  4 bats
  5 endoplasms
  6 giant cockroaches
  9 goblins
  10 hobgoblins
  4 jackals (D:1)
  4 kobolds
  2 quokkas
  3 frilled lizards
  5 rats
114 creatures vanquished.

Notes
Turn   | Place    | Note
-------+----------+-------------------------------------------
     0 | D:1      | greasedhog the Gargoyle Venom Mage began the quest for the
                  | Orb.
     0 | D:1      | Reached XP level 1. HP: 10/10 MP: 3/3
    66 | D:1      | Found a faded altar of an unknown god.
   310 | D:1      | Reached skill level 1 in Transmutations
   353 | D:1      | Reached XP level 2. HP: 3/15 MP: 3/5
   519 | D:1      | Learned a level 2 spell: Poisonous Vapours
  1369 | D:2      | Reached XP level 3. HP: 20/20 MP: 3/6
  1479 | D:2      | Reached skill level 1 in Fighting
  1799 | D:2      | Found Osoil's Antique Weapon Emporium.
  2055 | D:2      | Learned a level 3 spell: Mephitic Cloud
  2242 | D:2      | Reached XP level 4. HP: 7/25 MP: 0/8
  2418 | D:3      | Found Oxteocs's Armour Boutique.
  2868 | D:3      | Reached skill level 4 in Poison Magic
  2973 | D:3      | Found Irox's Magic Scroll Emporium.
  3075 | D:3      | Reached XP level 5. HP: 20/30 MP: 0/9
  3215 | D:3      | Bought a scroll of identify for 22 gold pieces
  3215 | D:3      | Bought a scroll of teleportation for 33 gold pieces
  3434 | D:4      | Noticed Robin
  3436 | D:4      | Noticed Menkaure
  3889 | D:4      | Noticed a phantom
  3926 | D:3      | Killed a phantom
  3927 | D:3      | Reached XP level 6. HP: 36/36 MP: 11/11
  4089 | D:4      | Found a staircase to the Ecumenical Temple.
  4100 | Temple   | Entered the Ecumenical Temple
  4226 | D:4      | Killed Robin
  4420 | D:4      | Found Giare's Assorted Antiques.
  4524 | D:5      | Entered Level 5 of the Dungeon
  4766 | D:5      | Identified the +4 dagger "Piwk" {vorpal, Dex+2}
  4832 | D:5      | Found a large runed translucent door.
  4832 | D:5      | Found a large runed translucent door.
  4843 | D:5      | Noticed Sigmund
  4855 | D:5      | Killed Sigmund
  4856 | D:5      | Reached skill level 5 in Poison Magic
  4856 | D:5      | Reached XP level 7. HP: 17/41 MP: 13/13
  5016 | D:5      | Learned a level 4 spell: Olgreb's Toxic Radiance
  5059 | D:5      | Noticed Ijyb
  5069 | D:5      | Killed Ijyb
  5625 | D:5      | Reached skill level 5 in Spellcasting
  5669 | D:5      | Reached skill level 1 in Armour
  5669 | D:5      | Reached skill level 1 in Conjurations
  5669 | D:5      | Reached skill level 6 in Poison Magic
  5809 | D:5      | Reached XP level 8. HP: 38/48 MP: 15/15
  6303 | D:5      | Found a radiant altar of Vehumet.
  6311 | D:5      | Became a worshipper of Vehumet
  6336 | D:5      | Found a shimmering altar of Xom.
  6910 | D:6      | Noticed Eustachio
  6926 | D:6      | Killed Eustachio
  7091 | D:4      | Slain by Menkaure

Illustrated notes

Levels and vault maps discovered:
D:1:      minmay_arrival_four_loops, layout_loops_ring,
          ebering_ecumenical_altar_sacrificial, serial_forest,
          infiniplex_forest_lined_room_, infiniplex_forest_corner_1,
          infiniplex_forest_straight_3, infiniplex_forest_corner_1,
          infiniplex_forest_zigzag_1, infiniplex_forest_clump_diagonal,
          infiniplex_forest_end_double, minmay_worlds_worst_comb
D:2:      layout_rooms, serial_shops, shop, minmay_misc_feat_square,
          reono_crystal_passage, minmay_misc_feat_tiny
D:3:      layout_basic, serial_shops, shop, shop
D:4:      layout_rooms, minmay_temple_entry_slanted, serial_shops,
          nicolae_shop_competitors_out_of_business, interstate_on_off,
          uniq_menkaure, uniq_robin
D:5:      layout_loops_corners, jmf_multi_god_temple2, uniq_ijyb, uniq_sigmund
D:6:      layout_loops_ring, zin_angel, kennysheep_generic_room_12,
          uniq_eustachio
Temple:   mainiacjoe_temple_coin_purse

Skill      XL: |  1  2  3  4  5  6  7  8 |
---------------+-------------------------+-----
Transmutations | 1 |  1.0
Fighting       | 1 2 3 4 |  4.3
Spellcasting   | 3 4 5 |  5.0
Poison Magic   | 4 5 6 |  6.7
Armour         | 1 3 |  3.1
Conjurations   | 1 3 |  3.3
Dodging        | |  1.5
Stealth        | |  2.1

Action                   |  1- 3 |  4- 6 |  7- 9 || total
-------------------------+-------+-------+-------++-------
Melee: Dagger            |    43 |   122 |   112 ||   277
       Unarmed           |     1 |       |       ||     1
 Cast: Sting             |    60 |    96 |    68 ||   224
       Poisonous Vapours |     9 |     6 |    16 ||    31
       Mephitic Cloud    |       |     2 |       ||     2
       Olgreb's Toxic Ra |       |       |     3 ||     3
  Use: Potion            |     2 |     2 |       ||     4
       Scroll            |     4 |     5 |     1 ||    10
 Stab: Confused          |       |     1 |       ||     1
Armor: Robe              |    28 |    69 |    44 ||   141
Dodge: Dodged            |    39 |   103 |    63 ||   205
Block: Buckler           |       |     8 |    21 ||    29

Table legend: (Time is in decaauts)
 A = Elapsed time spent in this place.
 B = Non-inter-level travel time spent in this place.
 C = Inter-level travel time spent in this place.
 D = Time resting spent in this place.
 E = Time spent auto-exploring this place.
 F = Levels seen in this place.
 G = Mean time per level.
                   A        B        C        D        E       F      G
               +--------+--------+--------+--------+--------+-----+--------+
         Total |   7084 |   6635 |    449 |   1237 |   4261 |   7 | 1012.0 |
       Dungeon |   6972 |   6537 |    435 |   1237 |   4175 |   6 | 1162.0 |
        Temple |    112 |     98 |     14 |      0 |     86 |   1 |  112.0 |
               +--------+--------+--------+--------+--------+-----+--------+

Top non-repeatable levels by time:
     D:5: 1871 daAuts
     D:3: 1484 daAuts
     D:1: 1305 daAuts
     D:2: 1090 daAuts
     D:6: 630 daAuts
     D:4: 589 daAuts
  Temple: 112 daAuts
